 Dungeon Crawl Stone Soup version 0.23-a0-143-g1adec7bb76 (webtiles) character file.

90 PikkenKukken the Ducker (level 4, 0/23 HPs)
             Began as a Spriggan Fighter on Sept 5, 2018.
             Succumbed to Crazy Yiuf's poison
             ... on level 2 of the Dungeon.
             The game lasted 00:02:24 (1633 turns).

PikkenKukken the Ducker (Spriggan Fighter)          Turns: 1633, Time: 00:02:25

Health: 0/23       AC:  2    Str: 12    XL:     4   Next: 32%
Magic:  5/5        EV: 20    Int:  9    God:
Gold:   75         SH:  6    Dex: 16    Spells: 3/3 levels left

rFire    . . .     SeeInvis +   a - +0 rapier
rCold    . . .     Gourm    .   c - +0 buckler
rNeg     . . .     Faith    .   b - +0 robe
rPois    .         Spirit   .   (helmet restricted)
rElec    .         Reflect  .   (no cloak)
rCorr    .         Harm     .   (gloves unavailable)
MR       .....                  (boots unavailable)
Stlth    +.........             (no amulet)
HPRegen  0.07/turn              (no ring)
MPRegen  0.09/turn              (no ring)

@: lethally poisoned (0 -> -12), very quick
A: very small, unfitting armour, see invisible, herbivore, speed 3, slow
metabolism 2
a: no special abilities


You were on level 2 of the Dungeon.
You were not hungry.

You visited 1 branch of the dungeon, and saw 2 of its levels.

You collected 75 gold pieces.

Inventory:

Hand Weapons
 a - a +0 rapier (weapon)
Armour
 b - a +0 robe (worn)
 c - a +0 buckler (worn)
Scrolls
 h - 3 scrolls of remove curse
Potions
 d - a potion of might
 e - 2 potions of lignification {unknown}
 g - a potion of haste
 i - 3 potions of agility
 j - a potion of mutation {unknown}
Comestibles
 f - 7 rations


   Skills:
 + Level 2.9 Fighting
 * Level 3.5 Short Blades
 + Level 5.2 Dodging
 + Level 2.6 Shields


You had 3 spell levels left.
You didn't know any spells.
Your spell library was empty.

Dungeon Overview and Level Annotations

Branches:
Dungeon (2/15)

Altars:


Innate Abilities, Weirdness & Mutations

You are very small and have problems with some larger weapons.
You are too small for most types of armour.
You have supernaturally acute eyesight. (SInv)
You are a herbivore.
You cover ground extremely quickly.
You need to consume almost no food.


Message History

You are too injured to fight recklessly!
You are too injured to fight recklessly!
You are too injured to fight recklessly!
You are too injured to fight recklessly!
You are too injured to fight recklessly!
You are too injured to fight recklessly!
You are too injured to fight recklessly!
You are too injured to fight recklessly!
You are too injured to fight recklessly!
You are too injured to fight recklessly!
You are too injured to fight recklessly!
You hit Crazy Yiuf.
Crazy Yiuf is severely wounded.
Crazy Yiuf hits you with a quarterstaff of chaos!
* * * LOW HITPOINT WARNING * * *
You are lethally poisoned!
You puncture Crazy Yiuf!
You kill Crazy Yiuf!
You have reached level 4!
You die...

#+####'#'###
♣P...♣
#...#.......
#.####.#...#
♣..P♣♣
#.#.#....###
#...##.#...#
♣♣.♣♣
#.#......###
#...##.+...#
♣.♣♣
#.#.........
#...####...#
♣♣.♣
#'#........<
#.### #...#
♣.♣♣
#....>......
..##########
♣♣.♣
#.......)...
...........#
##'##
#...........
############
#.@.#
#.......####
..)........#
#.).#
###.#####
############
#..)# #.#
##### #.#
#.# ####.#
#.##.#
#.##.#
#.##)#


There were no monsters in sight!

Vanquished Creatures
  Crazy Yiuf (D:2)
  3 gnolls (D:2)
  3 giant cockroaches (D:2)
  4 goblins
  4 hobgoblins
  3 jackals (D:2)
  6 kobolds
  A quokka (D:2)
  A bat (D:2)
  5 frilled lizards
  3 rats
34 creatures vanquished.

Notes
Turn   | Place    | Note
-------+----------+-------------------------------------------
     0 | D:1      | PikkenKukken the Spriggan Fighter began the quest for the
                  | Orb.
     0 | D:1      | Reached XP level 1. HP: 11/11 MP: 2/2
   516 | D:1      | Reached XP level 2. HP: 16/16 MP: 3/3
   652 | D:2      | Found a runed door.
   997 | D:2      | Reached XP level 3. HP: 19/19 MP: 4/4
  1017 | D:2      | Reached skill level 5 in Dodging
  1625 | D:2      | Noticed Crazy Yiuf
  1633 | D:2      | Killed Crazy Yiuf
  1633 | D:2      | Reached XP level 4. HP: 1/23 MP: 5/5
  1633 | D:2      | Succumbed to Crazy Yiuf's poison

Vault maps used:
D:1:      minmay_arrival_four_loops
D:2:      first_ration, uniq_crazy_yiuf_cottage

Skill      XL: |  1  2  3 |
---------------+----------+-----
Short Blades   | 3 |  3.5
Dodging        | 5 |  5.2
Fighting       | |  2.9
Shields        | |  2.6

Action                   |  1- 3 |  4- 6 || total
-------------------------+-------+-------++-------
Melee: Rapier            |   138 |       ||   138
  Use: Scroll            |     3 |       ||     3
Armor: Robe              |     6 |       ||     6
Dodge: Dodged            |    92 |       ||    92
Block: Buckler           |    41 |       ||    41

Table legend:
 A = Non-vault XP
 B = Vault XP
 C = Vault XP percentage of total XP
 D = Non-vault monster count
 E = Vault monster count
 F = Vault count percentage of total count
                 A         B        C        D         E       F
            +---------+---------+-------+---------+---------+-------
      Total |      90 |      39 |  30.2 |      33 |       1 |   2.9
            +---------+---------+-------+---------+---------+-------
        D:1 |      13 |       0 |   0.0 |       8 |       0 |   0.0
        D:2 |      77 |      39 |  33.6 |      25 |       1 |   3.8
            +---------+---------+-------+---------+---------+-------
